[Event "Titled Tuesday Blitz March 28 Early 2023"]
[White "Dubov, Daniil"]
[Black "Timofeev, Artyom"]
[WhiteFideId "24126055"]
[BlackFideId "4140419"]
[WhiteElo "2802"]
[BlackElo "2586"]
[Result "1-0"]
[Round "03"]
[TimeControl "180+2"]
[Date "2023.03.28"]
[WhiteClock "0:02:14"]
[BlackClock "0:01:33"]

1. e4 e5 2. Nf3 d5 3. exd5 e4 4. Qe2 Nf6 5. Nc3 Be7 6. Nxe4 O-O 7. d3 Nxd5 8. Qd1 f5 9. Ng3 Bb4+ 10. c3 Re8+ 11. Be2 Nxc3 12. bxc3 Bxc3+ 13. Bd2 Bxa1 14. Qxa1 Qxd3 15. O-O Qd5 16. Nh5 Qf7 17. Ng5 1-0


[Site "https://www.chess.com"]

[Event "Titled Tuesday Blitz March 28 Early 2023"]
[White "Asadli, Vugar"]
[Black "Giri, Anish"]
[WhiteFideId "13405764"]
[BlackFideId "24116068"]
[WhiteElo "2598"]
[BlackElo "2807"]
[Result "0-1"]
[Round "03"]
[TimeControl "180+2"]
[Date "2023.03.28"]
[WhiteClock "0:01:39"]
[BlackClock "0:00:34"]

1. e4 c5 2. Nc3 Nc6 3. Bb5 Nd4 4. Nf3 e6 5. O-O Ne7 6. Nxd4 cxd4 7. Ne2 a6 8. Bd3 Nc6 9. c3 Bc5 10. b4 Ba7 11. Bb2 dxc3 12. Bxc3 O-O 13. a4 d5 14. b5 Ne7 15. e5 Bd7 16. Qb1 Ng6 17. Bxg6 fxg6 18. bxa6 bxa6 19. Qd3 Qe8 20. Bd4 Bxa4 21. Nc3 Bxd4 22. Qxd4 Bb5 23. Rfb1 Qc6 24. f3 g5 25. Rb4 Rf4 26. Nxd5 exd5 0-1


[Site "https://www.chess.com"]

[Event "Titled Tuesday Blitz March 28 Early 2023"]
[White "Bortnyk, Olexandr"]
[Black "Ohanyan, Emin"]
[WhiteFideId "14120828"]
[BlackFideId "13312022"]
[WhiteElo "2734"]
[BlackElo "2402"]
[Result "1-0"]
[Round "03"]
[TimeControl "180+2"]
[Date "2023.03.28"]
[WhiteClock "0:00:14"]
[BlackClock "0:00:02"]

1. d4 c5 2. e3 d5 3. dxc5 e6 4. c4 Nf6 5. cxd5 Qxd5 6. Bd2 Bxc5 7. Nc3 Qd8 8. Nf3 O-O 9. Be2 Nc6 10. O-O e5 11. Rc1 Be7 12. h3 e4 13. Nh2 Bf5 14. Qb3 Be6 15. Qxb7 Na5 16. Qa6 Qxd2 17. Qxa5 Rab8 18. Qxa7 Bb4 19. Bg4 Bc4 20. Nxe4 Nxe4 21. Rxc4 Bc5 22. Rxc5 Nxc5 23. Qxc5 Qxb2 24. a4 Ra8 25. Bd7 Rad8 26. Bb5 g6 27. Nf3 Rc8 28. Qe5 Qa3 29. Ng5 Rc5 30. Qe7 Qc3 31. Ne4 Re5 32. Qxf8+ 1-0


[Site "https://www.chess.com"]

[Event "Titled Tuesday Blitz March 28 Early 2023"]
[White "Andreikin, Dmitry"]
[Black "Ozen, Bahadir"]
[WhiteFideId "4158814"]
[BlackFideId "6337058"]
[WhiteElo "2736"]
[BlackElo "2503"]
[Result "1-0"]
[Round "03"]
[TimeControl "180+2"]
[Date "2023.03.28"]
[WhiteClock "0:01:18"]
[BlackClock "0:00:17"]

1. Nf3 d5 2. e3 Nf6 3. c4 e6 4. Nc3 Bd6 5. d4 c6 6. Bd3 dxc4 7. Bxc4 b5 8. Bb3 Nbd7 9. e4 e5 10. dxe5 Nxe5 11. Nxe5 Bxe5 12. Qxd8+ Kxd8 13. f3 Be6 14. Be3 Nd7 15. Ke2 Ke7 16. Rhc1 Rhc8 17. f4 Bxc3 18. Rxc3 c5 19. f5 Bxb3 20. axb3 Rc7 21. b4 c4 22. Rca3 Re8 23. Rxa7 Rxa7 24. Rxa7 Kd6 25. Bf4+ Kc6 26. Rc7+ 1-0


[Site "https://www.chess.com"]

[Event "Titled Tuesday Blitz March 28 Early 2023"]
[White "Firouzja, Alireza"]
[Black "Dzhumagaliev, Yan"]
[WhiteFideId "12573981"]
[BlackFideId "24100110"]
[WhiteElo "2904"]
[BlackElo "2476"]
[Result "0-1"]
[Round "03"]
[TimeControl "180+2"]
[Date "2023.03.28"]
[WhiteClock "0:00:02"]
[BlackClock "0:00:16"]

1. e4 c5 2. Nf3 e6 3. c3 d5 4. e5 d4 5. Bd3 Nc6 6. Be4 Qc7 7. Qe2 Bd7 8. Bc2 Nge7 9. O-O Ng6 10. Re1 Be7 11. Na3 a6 12. Qe4 Rd8 13. h4 Nb4 14. cxb4 cxb4 15. h5 Bc6 16. Qg4 bxa3 17. hxg6 Bxf3 18. Qxf3 Qxc2 19. gxf7+ Kf8 20. bxa3 d3 21. Qxb7 h5 22. Qb3 h4 23. Qxc2 dxc2 24. Bb2 Rxd2 25. Rac1 Kxf7 26. Bc3 Rd3 27. Rxc2 Rc8 28. Re3 Rxe3 0-1


[Site "https://www.chess.com"]

[Event "Titled Tuesday Blitz March 28 Early 2023"]
[White "Kilic, Eray"]
[Black "Kollars, Dmitrij"]
[WhiteFideId "44517173"]
[BlackFideId "12909572"]
[WhiteElo "2328"]
[BlackElo "2584"]
[Result "0-1"]
[Round "03"]
[TimeControl "180+2"]
[Date "2023.03.28"]
[WhiteClock "0:00:06"]
[BlackClock "0:00:10"]

1. e4 e5 2. Nf3 Nc6 3. Bb5 a6 4. Ba4 Nf6 5. O-O Bc5 6. c3 b5 7. Bb3 d6 8. d4 Bb6 9. a4 Bg4 10. h3 Bh5 11. dxe5 Nxe5 12. Nbd2 O-O 13. axb5 axb5 14. Rxa8 Qxa8 15. g4 Nxf3+ 16. Qxf3 Bg6 17. Re1 Nd7 18. Bd5 c6 19. Bb3 Re8 20. h4 Ne5 21. Qg3 h5 22. gxh5 Bxh5 23. Kg2 Qd8 24. Bd1 Bxd1 25. Rxd1 Qf6 26. Nf1 Qe6 27. Be3 Nc4 28. Bxb6 Qxe4+ 29. Qf3 Qxf3+ 30. Kxf3 Nxb6 31. Rxd6 Nc4 32. Rd4 Nxb2 33. Ne3 Na4 34. c4 b4 35. c5 Rb8 36. Nf5 Kf8 37. Nd6 b3 38. Nc4 b2 39. Nd2 Nc3 40. Rd6 Rc8 41. h5 b1=Q 42. Nxb1 Nxb1 43. h6 gxh6 44. Rxh6 Kg7 45. Rd6 Nc3 46. Ke3 Nb5 47. Rd1 Rc7 48. f4 Kf6 49. Ke4 Re7+ 50. Kf3 Re6 51. Rh1 Nd4+ 52. Kg4 Nb3 53. Rh5 Ke7 54. Kf3 Nd2+ 55. Kg4 Nc4 56. Rh8 Ne3+ 57. Kf3 Nd5 58. Rc8 Kd7 59. Ra8 Rf6 60. Ra7+ Ke6 61. Ke4 Rxf4+ 62. Kd3 Nb4+ 63. Ke3 Nd5+ 64. Kd3 Rf1 65. Ra8 Rd1+ 66. Ke2 Rc1 67. Re8+ Ne7 0-1


[Site "https://www.chess.com"]

[Event "Titled Tuesday Blitz March 28 Early 2023"]
[White "Lazavik, Denis"]
[Black "Idani, Pouya"]
[WhiteFideId "13515110"]
[BlackFideId "12510130"]
[WhiteElo "2560"]
[BlackElo "2574"]
[Result "1-0"]
[Round "03"]
[TimeControl "180+2"]
[Date "2023.03.28"]
[WhiteClock "0:01:13"]
[BlackClock "0:00:36"]

1. d4 Nf6 2. c4 e6 3. Nf3 d5 4. g3 Be7 5. Bg2 O-O 6. O-O dxc4 7. Qc2 b5 8. a4 b4 9. Nbd2 Bb7 10. Nxc4 Nbd7 11. Rd1 Rc8 12. Bf4 c5 13. Nd6 Bxd6 14. Bxd6 Re8 15. dxc5 Qa5 16. Rac1 Ne4 17. Ne5 Ndxc5 18. Bxc5 Rxc5 19. Nc4 b3 20. Qd3 1-0


[Site "https://www.chess.com"]

[Event "Titled Tuesday Blitz March 28 Early 2023"]
[White "Xu, Yi"]
[Black "Le, Tuan Minh"]
[WhiteFideId "8605564"]
[BlackFideId "12401153"]
[WhiteElo "2471"]
[BlackElo "2558"]
[Result "0-1"]
[Round "03"]
[TimeControl "180+2"]
[Date "2023.03.28"]
[WhiteClock "0:01:44"]
[BlackClock "0:02:27"]

1. e4 c5 2. Nf3 Nf6 3. e5 Nd5 4. Nc3 Nxc3 5. dxc3 Nc6 6. Bc4 e6 7. Bf4 h6 8. h4 Qc7 9. Qd2 b6 10. O-O-O Bb7 11. Rhe1 O-O-O 12. Kb1 Kb8 13. Qe3 Ka8 14. Nd2 d5 15. exd6 Bxd6 16. Bxd6 Qxd6 17. f3 Rd7 18. Be2 Rhd8 19. a3 Qg3 20. Ne4 Qxh4 21. g3 Qe7 22. Bb5 Rxd1+ 0-1


[Site "https://www.chess.com"]

[Event "Titled Tuesday Blitz March 28 Early 2023"]
[White "Bluebaum, Matthias"]
[Black "Zemlyanskii, Ivan"]
[WhiteFideId "24651516"]
[BlackFideId "24249971"]
[WhiteElo "2638"]
[BlackElo "2233"]
[Result "1-0"]
[Round "03"]
[TimeControl "180+2"]
[Date "2023.03.28"]
[WhiteClock "0:00:18"]
[BlackClock "0:00:04"]

1. d4 d5 2. c4 c6 3. Nf3 Nf6 4. Nc3 dxc4 5. e4 b5 6. Qc2 Bg4 7. a4 b4 8. Ne2 Bxf3 9. gxf3 e6 10. Be3 Nbd7 11. Ng3 c5 12. d5 Ne5 13. f4 Nf3+ 14. Ke2 Nd4+ 15. Bxd4 cxd4 16. Qxc4 Rc8 17. Qb5+ Qd7 18. Bh3 Rc2+ 19. Kd3 Rxf2 20. Rhc1 Be7 21. dxe6 fxe6 22. Bxe6 Rf3+ 23. Kd2 Qxb5 24. axb5 Bd8 25. Rxa7 Rxf4 26. e5 Ng4 27. Bd7+ Kf8 28. Rc8 Rf2+ 29. Ke1 g6 30. Rxd8+ Kg7 31. Bxg4+ 1-0


[Site "https://www.chess.com"]

[Event "Titled Tuesday Blitz March 28 Early 2023"]
[White "Gabrielian, Artur"]
[Black "Wei, Yi"]
[WhiteFideId "4131002"]
[BlackFideId "8603405"]
[WhiteElo "2432"]
[BlackElo "2686"]
[Result "1-0"]
[Round "03"]
[TimeControl "180+2"]
[Date "2023.03.28"]
[WhiteClock "0:00:07"]
[BlackClock "0:00:01"]

1. e4 c6 2. d4 d5 3. e5 c5 4. Nf3 cxd4 5. Nxd4 Nc6 6. Nxc6 bxc6 7. Bd3 e6 8. O-O Ne7 9. Nd2 Ng6 10. Nf3 Be7 11. Re1 O-O 12. g3 c5 13. c3 f5 14. exf6 Bxf6 15. Qc2 Qe8 16. h4 e5 17. h5 e4 18. hxg6 hxg6 19. Bf1 Bf5 20. Qd1 Rd8 21. Ng5 Qe7 22. Nh3 g5 23. Qh5 g6 24. Qh6 g4 25. Ng5 Qg7 26. Qxg7+ Kxg7 27. c4 Rfe8 28. cxd5 Rxd5 29. Bg2 Rd4 30. Be3 Rc4 31. Rac1 Rxc1 32. Rxc1 Bd4 33. b4 Kf6 34. Nh7+ Kg7 35. Bxd4+ cxd4 36. Rc7+ Kh6 37. Nf6 Re5 38. Bxe4 Kg5 39. Bxf5 gxf5 40. Nd7 Re1+ 41. Kg2 d3 42. Ne5 d2 43. f4+ Kf6 44. Rc6+ Ke7 45. Rc7+ Ke6 46. Rc6+ Kd5 47. Rc5+ Kd4 48. Rc4+ Ke3 49. Rc3+ Kd4 50. Rd3+ Ke4 51. Rxd2 Ra1 52. Rf2 Rb1 53. Nf7 Kd5 54. Ng5 Rxb4 55. Re2 Ra4 56. Re5+ Kc4 57. Rxf5 Rxa2+ 58. Kf1 Kd3 59. Re5 Ra1+ 60. Kf2 Ra2+ 61. Kf1 a5 62. Re1 Kd4 63. f5 1-0


[Site "https://www.chess.com"]

[Event "Titled Tuesday Blitz March 28 Early 2023"]
[White "Sarana, Alexey"]
[Black "Galchenko, Matvey"]
[WhiteFideId "24133795"]
[BlackFideId "24175480"]
[WhiteElo "2714"]
[BlackElo "2404"]
[Result "0-1"]
[Round "03"]
[TimeControl "180+2"]
[Date "2023.03.28"]
[WhiteClock "0:00:02"]
[BlackClock "0:00:11"]

1. c4 e6 2. Nc3 d5 3. d4 c6 4. cxd5 exd5 5. Nf3 Bf5 6. Bf4 Nd7 7. e3 Ngf6 8. h3 Qb6 9. Qc1 Be7 10. Be2 h6 11. O-O O-O 12. Na4 Qa5 13. b3 Rac8 14. a3 Rfe8 15. Qb2 Ne4 16. Rfc1 Bf6 17. Nc3 Nxc3 18. Rxc3 Qb6 19. b4 c5 20. Rac1 c4 21. Bd1 Qe6 22. Ba4 Red8 23. Nd2 Nb6 24. Bc2 Re8 25. a4 Bxc2 26. Qxc2 Qe7 27. Rb1 Nd7 28. Nf3 Qe6 29. b5 Bd8 30. Qa2 Ba5 31. Rcc1 Nf6 32. Qa3 Ne4 33. Rc2 Qf5 34. Rbc1 g5 35. Bh2 f6 36. Ne1 Nd2 37. Qa2 Nb3 38. Rd1 h5 39. Nf3 Kg7 40. Bg3 Re6 41. Rb2 Rce8 42. Kh1 h4 43. Bh2 Qe4 44. Rc2 g4 45. hxg4 Qxg4 46. Rg1 Kf7 47. Qb1 Rg8 48. Rb2 h3 49. Qh7+ Rg7 50. Qxh3 Qxh3 51. gxh3 Rxg1+ 52. Kxg1 c3 53. Rc2 Nd2 54. Ne1 Re8 55. Bg3 Nc4 56. Nd3 Na3 57. Ra2 Nc4 58. Kf1 Nxe3+ 59. fxe3 Rxe3 60. Ne5+ fxe5 61. Bxe5 Rxh3 62. Rf2+ Ke6 63. Rc2 Kf5 64. Ke2 Ke4 65. Kd1 Kd3 66. Rh2 Rxh2 67. Bxh2 c2+ 0-1


[Site "https://www.chess.com"]

[Event "Titled Tuesday Blitz March 28 Early 2023"]
[White "Albornoz Cabrera, Carlos Daniel"]
[Black "Sadhwani, Raunak"]
[WhiteFideId "3518736"]
[BlackFideId "35093487"]
[WhiteElo "2501"]
[BlackElo "2631"]
[Result "1-0"]
[Round "03"]
[TimeControl "180+2"]
[Date "2023.03.28"]
[WhiteClock "0:00:24"]
[BlackClock "0:00:17"]

1. Nf3 d5 2. d4 e6 3. c4 Nf6 4. Nc3 a6 5. cxd5 exd5 6. Bg5 Be6 7. e3 Nbd7 8. Bd3 Bd6 9. Bf4 Qe7 10. O-O O-O 11. h3 h6 12. Qd2 Nh5 13. Bxd6 Qxd6 14. Ne2 a5 15. Rac1 c6 16. Nf4 Nhf6 17. Bb1 Rfe8 18. Qc2 Ne4 19. Nd2 Nxd2 20. Qxd2 Nf6 21. Bd3 Bd7 22. a3 Ne4 23. Qc2 Nf6 24. Qb3 Bc8 25. Qb6 Qd8 26. Qxd8 Rxd8 27. b4 axb4 28. axb4 Ra3 29. Ra1 Rb3 30. Rfb1 Rxb1+ 31. Rxb1 Bd7 32. b5 Kf8 33. bxc6 Bxc6 34. Bb5 Bxb5 35. Rxb5 Rd7 36. Nd3 Ne4 37. f3 Nc3 38. Rb3 Nd1 39. Nc5 Re7 40. e4 dxe4 41. fxe4 g6 42. Kf1 b6 43. Rxb6 Nc3 44. e5 Ra7 45. Rb8+ Kg7 46. Rb7 Rxb7 47. Nxb7 f6 48. exf6+ Kxf6 49. Kf2 Kf5 50. Nc5 Kf6 51. Ke3 Kf5 52. g4+ Kf6 53. Ne4+ 1-0


[Site "https://www.chess.com"]

[Event "Titled Tuesday Blitz March 28 Early 2023"]
[White "Kezin, Roman"]
[Black "Paravyan, David"]
[WhiteFideId "24124621"]
[BlackFideId "4194985"]
[WhiteElo "2497"]
[BlackElo "2577"]
[Result "1/2-1/2"]
[Round "03"]
[TimeControl "180+2"]
[Date "2023.03.28"]
[WhiteClock "0:00:11"]
[BlackClock "0:00:04"]

1. e4 e5 2. Nf3 Nf6 3. Nc3 Nc6 4. Bb5 Nd4 5. O-O c6 6. Bc4 Nxf3+ 7. Qxf3 d6 8. d3 Be7 9. h3 h6 10. Qe2 g5 11. Be3 g4 12. h4 Nh5 13. d4 Bxh4 14. dxe5 dxe5 15. Rad1 Qe7 16. b4 Qxb4 17. Nd5 cxd5 18. Rxd5 O-O 19. Rxe5 Ng7 20. Rd1 Bf6 21. Rb5 Qc3 22. Rc5 Qa3 23. e5 Be7 24. Rc7 Ne8 25. Bc1 Qb4 26. c3 Qb6 27. Rxe7 Ng7 28. Be3 Qg6 29. Bc5 Be6 30. Bxe6 Nxe6 31. Bd6 Rfe8 32. Rxe8+ Rxe8 33. Qe3 h5 34. Qxa7 Qe4 35. Qe3 Qxe3 36. fxe3 Rc8 37. Rb1 Rxc3 38. Rxb7 g3 39. Kf1 Rc2 40. a4 Rf2+ 41. Kg1 Ra2 42. Kf1 Rxa4 43. Ke2 h4 44. Rb2 Kg7 45. Rb1 Kg6 46. Rb2 Kf5 47. Be7 Kg4 48. Rb8 Ra2+ 49. Kf1 Ra1+ 50. Ke2 Ra2+ 51. Kf1 Ra4 52. Rg8+ Kf5 53. Rh8 Ra1+ 54. Ke2 Ra2+ 55. Kf1 Rf2+ 56. Kg1 Re2 57. Kf1 Rxe3 58. Rxh4 Rxe5 59. Rh5+ Ke4 60. Rxe5+ Kxe5 61. Ke2 Ke4 62. Bd6 Nd4+ 63. Kf1 Nf5 64. Bc7 Ke3 65. Bb6+ Kd2 66. Ba5+ Kd1 67. Bc7 Kd2 68. Ba5+ Ke3 69. Bb6+ Kf4 70. Bc7+ Kg4 71. Bb6 Nh4 72. Bc7 f5 73. Bd6 Ng6 74. Bc7 Nf8 75. Bb8 Ne6 76. Be5 Nc5 77. Bb8 Nd3 78. Ba7 Nb4 79. Bb8 Nd5 80. Ba7 f4 81. Bd4 Kf5 82. Ba7 Ke4 83. Bb8 Ne3+ 84. Kg1 Nf5 85. Kf1 Ng7 86. Bc7 Ne6 87. Bb8 Ke3 88. Ba7+ Kd3 89. Bb8 Ke4 90. Bd6 Nd4 91. Bb8 Nc2 92. Bc7 Ne3+ 93. Kg1 Kf5 94. Bb8 Kg4 95. Bc7 Nf5 96. Kf1 Nh6 97. Bb8 Nf7 98. Bc7 Ng5 99. Bb8 Ne6 100. Bd6 Kf5 101. Bb8 Ke4 102. Ke2 Nd4+ 103. Kf1 Nb3 104. Bc7 Nc5 105. Bb8 Na6 106. Bd6 Kf5 107. Ke2 Kg4 108. Kd3 f3 109. gxf3+ Kxf3 110. Bxg3 1/2-1/2


[Site "https://www.chess.com"]

[Event "Titled Tuesday Blitz March 28 Early 2023"]
[White "Preotu, Razvan"]
[Black "Daneshvar, Bardiya"]
[WhiteFideId "2613280"]
[BlackFideId "12576468"]
[WhiteElo "2407"]
[BlackElo "2468"]
[Result "1-0"]
[Round "03"]
[TimeControl "180+2"]
[Date "2023.03.28"]
[WhiteClock "0:00:03"]
[BlackClock "0:00:01"]

1. e4 Nf6 2. e5 Nd5 3. d4 d6 4. c4 Nb6 5. f4 Bf5 6. Nc3 dxe5 7. fxe5 e6 8. Nf3 Nc6 9. Be3 Bb4 10. a3 Bxc3+ 11. bxc3 f6 12. exf6 Qxf6 13. Be2 O-O 14. O-O h6 15. a4 Rad8 16. a5 Nc8 17. Qb3 b6 18. axb6 axb6 19. Bf4 Bc2 20. Qxc2 Qxf4 21. Bd3 e5 22. Rae1 exd4 23. Ne5 Qxe5 24. Rxe5 Nxe5 25. Rxf8+ Rxf8 26. cxd4 Nc6 27. Qc3 N6e7 28. c5 Rd8 29. Bc4+ Kh8 30. Be6 bxc5 31. dxc5 Nd5 32. Bxd5 Rxd5 33. Qf3 Ne7 34. h3 c6 35. Qf8+ Ng8 36. Kh2 Kh7 37. h4 Nf6 38. Kh3 h5 39. Kg3 Rf5 40. Qc8 Rxc5 41. Qe6 Rc3+ 42. Kf2 c5 43. Qf5+ Kh8 44. Qc8+ Kh7 45. Qf5+ Kh8 46. Ke1 Rg3 47. Kf1 Rg4 48. Qc8+ Kh7 49. Qf5+ Kh8 50. Qxc5 Rxh4 51. Qf5 Rg4 52. Kg1 Kg8 53. Qe6+ Kh7 54. Qe5 Kh6 55. Qe3+ Rg5 56. Kf1 Ng4 57. Qe6+ Rg6 58. Qg8 Rf6+ 59. Ke1 Kg6 60. Qe8+ Kg5 61. Qe7 g6 62. Qc5+ Kh6 63. Qe7 h4 64. Qe4 Kg5 65. Qd5+ Rf5 66. Qd8+ Nf6 67. Qd4 Rf4 68. Qe5+ Rf5 69. Qe7 Kf4 70. Kf2 Ng4+ 71. Kg1 g5 72. Qe2 Ne5 73. Kh2 Ng4+ 74. Kh3 Ne5 75. Qf2+ Ke4 76. Qc2+ Kf4 77. Qd2+ Ke4 78. Qc2+ Nd3 79. Qe2+ Kd4 80. Qg4+ Nf4+ 81. Kh2 Ke5 82. Qf3 Kf6 83. Qc6+ Ne6 84. Qd6 Rf4 85. Qd5 g4 86. Qh5 g3+ 87. Kg1 Rd4 88. Qh6+ Ke7 89. Kf1 Rf4+ 90. Ke1 Rf2 91. Qxh4+ Rf6 92. Qxg3 Kf7 93. Qe5 Rg6 94. Kf2 Rg5 95. Qe4 Kf6 96. g3 Rf5+ 97. Kg2 Rg5 98. Qf3+ Rf5 99. Qd3 Rg5 100. Kh3 Rh5+ 101. Kg4 Rg5+ 102. Kh4 Rg7 103. g4 Rg5 104. Qf3+ Ke7 105. Qe4 Rg7 106. Kh5 Rg5+ 107. Kh6 Rg8 108. Qh7+ Kf8 109. Qd7 Ng7 110. g5 Ne8 111. g6 Rg7 112. Qe6 Re7 113. Qf5+ Kg8 114. Qd5+ Kf8 115. Qd8 Rg7 116. Kg5 Re7 117. Kh6 Re6 118. Kh7 Re7+ 119. Kh8 Re6 120. g7+ 1-0


[Site "https://www.chess.com"]

[Event "Titled Tuesday Blitz March 28 Early 2023"]
[White "Yoo, Christopher Woojin"]
[Black "Zubritskiy, Artyom"]
[WhiteFideId "30909694"]
[BlackFideId "4181247"]
[WhiteElo "2519"]
[BlackElo "2419"]
[Result "1-0"]
[Round "03"]
[TimeControl "180+2"]
[Date "2023.03.28"]
[WhiteClock "0:00:11"]
[BlackClock "0:00:11"]

1. d4 Nc6 2. Nf3 d6 3. e4 Nf6 4. Nc3 g6 5. h3 Bg7 6. Bc4 Nxe4 7. Bxf7+ Kxf7 8. Nxe4 d5 9. Ng3 Re8 10. O-O Kg8 11. Bf4 Nxd4 12. Nxd4 e5 13. Be3 exd4 14. Bxd4 c6 15. Bxg7 Kxg7 16. c3 Qf6 17. Qd2 Bd7 18. Rfe1 h5 19. a4 Rf8 20. a5 h4 21. Nf1 Rf7 22. Re2 Raf8 23. Rae1 g5 24. Nh2 Bf5 25. Nf3 Kh6 26. Re5 Kh5 27. g4+ hxg3 28. fxg3 g4 29. hxg4+ Kxg4 30. Qf4+ Kh5 31. g4+ 1-0


[Site "https://www.chess.com"]

[Event "Titled Tuesday Blitz March 28 Early 2023"]
[White "Samunenkov, Ihor"]
[Black "Demchenko, Anton"]
[WhiteFideId "14187086"]
[BlackFideId "4160258"]
[WhiteElo "2457"]
[BlackElo "2545"]
[Result "0-1"]
[Round "03"]
[TimeControl "180+2"]
[Date "2023.03.28"]
[WhiteClock "0:00:02"]
[BlackClock "0:00:24"]

1. d4 d5 2. c4 c6 3. Nf3 Nf6 4. e3 Bf5 5. Nc3 e6 6. Nh4 Bg6 7. Nxg6 hxg6 8. Rb1 Nbd7 9. c5 e5 10. b4 a6 11. a4 Be7 12. Bd2 exd4 13. exd4 Nf8 14. g3 Ne6 15. Be3 Ng8 16. Bg2 Bg5 17. f4 Bf6 18. O-O Nh6 19. g4 g5 20. f5 Nf4 21. Bxf4 gxf4 22. Qe2+ Kf8 23. Rxf4 Qc7 24. Rbf1 Ng8 25. h3 Re8 26. Qd3 Bg5 27. R4f3 Nf6 28. Rg3 Qe7 29. Nd1 Ne4 30. Bxe4 Qxe4 31. Qxe4 Rxe4 32. Rd3 Bf6 33. Kg2 Rxd4 34. Rxd4 Bxd4 35. Re1 f6 36. Ne3 Kf7 37. Nc2 Be5 38. Re2 a5 39. b5 cxb5 40. axb5 Rc8 41. c6 bxc6 42. bxc6 Rxc6 43. Ne3 d4 44. Nd5 a4 45. Ra2 d3 46. Kf3 Rd6 47. Ke4 a3 48. Rxa3 d2 49. Ra7+ Kf8 50. Ra8+ Kf7 51. Ra7+ Ke8 52. Ra8+ Kd7 53. Ra7+ Kc6 54. Ra6+ Kc5 55. Rxd6 d1=Q 0-1


[Site "https://www.chess.com"]

[Event "Titled Tuesday Blitz March 28 Early 2023"]
[White "Seo, Jung Min"]
[Black "Alekseenko, Kirill"]
[WhiteFideId "1734687"]
[BlackFideId "4135539"]
[WhiteElo "2468"]
[BlackElo "2683"]
[Result "0-1"]
[Round "03"]
[TimeControl "180+2"]
[Date "2023.03.28"]
[WhiteClock "0:00:25"]
[BlackClock "0:00:37"]

1. d4 d5 2. c4 dxc4 3. Nf3 a6 4. e3 Bg4 5. Bxc4 e6 6. h3 Bh5 7. Nc3 Nc6 8. O-O Nf6 9. Be2 Bd6 10. b3 O-O 11. Bb2 Qe7 12. Nd2 Bg6 13. Nc4 Rfd8 14. Nxd6 Qxd6 15. Bf3 Nd5 16. Nxd5 exd5 17. Rc1 Re8 18. Qd2 Be4 19. Be2 Re6 20. f3 Bg6 21. Rfe1 Rae8 22. Bf1 Qe7 23. Kf2 h5 24. Rc5 Qh4+ 25. Kg1 Qd8 26. Rcc1 h4 27. Ba3 Bf5 28. Qf2 Qg5 29. f4 Qd8 30. Kh2 Be4 31. Be2 Rg6 32. Bf3 Rg3 33. Bxe4 Rxe4 34. Re2 Qd7 35. Rce1 a5 36. Qg1 Na7 37. Bc5 b6 38. Ba3 Nb5 39. Bc1 Nd6 40. a4 Re6 41. Bd2 Ne4 42. Bc1 Reg6 43. Qf1 Qf5 44. Bb2 Re6 45. Rc1 c6 46. Rec2 Rxe3 47. Rxc6 Ng3 48. Rc8+ Kh7 49. Qf2 Re2 50. Qf3 Rxb2 51. Rf8 Ree2 52. Rcc8 Rxg2+ 0-1


[Site "https://www.chess.com"]

[Event "Titled Tuesday Blitz March 28 Early 2023"]
[White "Makhnev, Denis"]
[Black "Molina, Roberto Junio Brito"]
[WhiteFideId "13707647"]
[BlackFideId "2109450"]
[WhiteElo "2525"]
[BlackElo "2376"]
[Result "0-1"]
[Round "03"]
[TimeControl "180+2"]
[Date "2023.03.28"]
[WhiteClock "0:00:02"]
[BlackClock "0:00:13"]

1. d4 d5 2. c4 c6 3. Nf3 Nf6 4. Qb3 dxc4 5. Qxc4 Bf5 6. g3 Nbd7 7. Bg2 h6 8. O-O e6 9. Nbd2 Be7 10. Qb3 Qb6 11. Nc4 Qxb3 12. axb3 Be4 13. Bf4 O-O 14. Bd6 Bxd6 15. Nxd6 Bxf3 16. Bxf3 Rfb8 17. b4 a6 18. e4 Ne8 19. Nc4 Rd8 20. d5 cxd5 21. exd5 exd5 22. Bxd5 Ne5 23. Nb6 Rab8 24. Rad1 Rd6 25. f4 Nf3+ 26. Bxf3 Rxb6 27. Rd4 Nf6 28. Rc1 Kf8 29. Rc5 g6 30. g4 Re8 31. Kf2 Re7 32. h4 Kg7 33. g5 hxg5 34. fxg5 Nh7 35. b5 f6 36. Rdd5 fxg5 37. hxg5 Nf8 38. Kg3 Kf7 39. Re5 Rxe5 40. Rxe5 axb5 41. Rc5 Ne6 42. Bd5 Ke7 43. Bxe6 Kxe6 44. Kf4 b4 45. Rc7 Kd5 0-1


[Site "https://www.chess.com"]

[Event "Titled Tuesday Blitz March 28 Early 2023"]
[White "Weetik, Vjacheslav"]
[Black "Kamsky, Gata"]
[WhiteFideId "4153472"]
[BlackFideId "2000024"]
[WhiteElo "2469"]
[BlackElo "2666"]
[Result "0-1"]
[Round "03"]
[TimeControl "180+2"]
[Date "2023.03.28"]
[WhiteClock "0:00:02"]
[BlackClock "0:00:07"]

1. d4 g6 2. e4 Bg7 3. Nf3 d6 4. Bc4 Nf6 5. Qe2 c6 6. Bb3 O-O 7. O-O a5 8. e5 Nd5 9. a3 Na6 10. c4 Ndc7 11. h3 dxe5 12. dxe5 Nc5 13. Bc2 N7e6 14. Be3 a4 15. Nc3 Qa5 16. Rad1 b6 17. h4 h5 18. Rfe1 Ba6 19. Ng5 Rad8 20. g4 hxg4 21. Qxg4 Nxg5 22. Qxg5 Ne6 23. Qg4 Rxd1 24. Rxd1 Qxe5 25. Nxa4 b5 26. cxb5 cxb5 27. Nc3 Bb7 28. Be4 Bxe4 29. Qxe4 Qxe4 30. Nxe4 Bxb2 31. Rb1 Bxa3 32. Rxb5 Rc8 33. h5 gxh5 34. Rxh5 f6 35. Ra5 Bb4 36. Rb5 Bc3 37. Rb7 Kf8 38. Bh6+ Ke8 39. Be3 Be5 40. Kg2 Kf7 41. Kf3 f5 42. Ng5+ Nxg5+ 43. Bxg5 Rc3+ 44. Kg2 Bd6 45. Be3 Ke6 46. Rb6 Kd5 47. Rb5+ Ke4 48. Rb7 f4 49. Ba7 f3+ 50. Kh3 Rc1 51. Be3 Re1 52. Rb3 Rh1+ 53. Kg4 Rg1+ 54. Kh3 e5 55. Rc3 Be7 56. Rc7 Bg5 57. Rg7 Rh1+ 58. Kg4 Bxe3 0-1


[Site "https://www.chess.com"]

[Event "Titled Tuesday Blitz March 28 Early 2023"]
[White "Kovalenko, Igor"]
[Black "Harshavardhan G B"]
[WhiteFideId "14117908"]
[BlackFideId "25059009"]
[WhiteElo "2574"]
[BlackElo "2323"]
[Result "0-1"]
[Round "03"]
[TimeControl "180+2"]
[Date "2023.03.28"]
[WhiteClock "0:00:04"]
[BlackClock "0:00:09"]

1. c4 Nf6 2. Nc3 e5 3. Nf3 Nc6 4. g3 d5 5. cxd5 Nxd5 6. Bg2 Nb6 7. O-O Be7 8. a3 g5 9. b4 g4 10. Ne1 h5 11. b5 Nd4 12. e3 Ne6 13. Qc2 h4 14. a4 Rb8 15. a5 Nd7 16. Nd3 f5 17. Nd5 Bd6 18. Bb2 Qg5 19. b6 axb6 20. axb6 c6 21. Nc7+ Nxc7 22. bxc7 Bxc7 23. Qc4 Qh6 24. Rfb1 hxg3 25. hxg3 b5 26. Qxc6 Bb7 27. Qxh6 Rxh6 28. Bxb7 Rxb7 29. Bc3 Kf7 30. Kg2 e4 31. Nb4 Nb6 32. Ra6 Re6 33. Rh1 Be5 34. Rh7+ Kg8 35. Rxb7 Bxc3 36. Ra8+ Nxa8 0-1


[Site "https://www.chess.com"]

[Event "Titled Tuesday Blitz March 28 Early 2023"]
[White "Pulpan, Jakub"]
[Black "Makarian, Rudik"]
[WhiteFideId "302759"]
[BlackFideId "44105681"]
[WhiteElo "2484"]
[BlackElo "2436"]
[Result "0-1"]
[Round "03"]
[TimeControl "180+2"]
[Date "2023.03.28"]
[WhiteClock "0:00:06"]
[BlackClock "0:00:09"]

1. Nf3 Nf6 2. b3 d5 3. Bb2 e6 4. g3 b6 5. Bg2 Bb7 6. O-O Nbd7 7. c4 Bd6 8. Nc3 a6 9. d4 O-O 10. Nd2 c5 11. dxc5 Nxc5 12. cxd5 exd5 13. b4 Ne6 14. a3 Qe7 15. Nf3 Rac8 16. e3 Rfd8 17. Rc1 b5 18. Nd4 Nxd4 19. exd4 Qd7 20. Rc2 h5 21. h4 Qf5 22. Re2 Rc4 23. Qd2 Rdc8 24. Rfe1 Ne4 25. Nxe4 dxe4 26. d5 Bxd5 27. Rd1 Rc2 28. Qxc2 Rxc2 29. Rxc2 e3 30. Re2 Qg4 31. Rde1 exf2+ 32. Rxf2 Qxg3 33. Ree2 Qh2+ 34. Kf1 Bc4 35. Bf3 Qh3+ 36. Kg1 Bxe2 37. Bxe2 Qg3+ 38. Rg2 Qe3+ 39. Kf1 g6 40. Bxh5 Be5 41. Bxe5 Qxe5 42. Bf3 Qa1+ 43. Kf2 Qb2+ 44. Kg3 Qxa3 45. h5 Qxb4 46. hxg6 fxg6 47. Re2 Kg7 48. Re4 Qd6+ 49. Kg4 a5 50. Rf4 a4 51. Be2 a3 52. Kf3 Qxf4+ 0-1


[Site "https://www.chess.com"]